AoeStats
← cccccccccc

Black Forest

509840592Analyzed
4v4 RM · 3d ago on Sep 28, 2026· 38m 19s· 8 players
Game mode
Random Map
Map size
Large (8 player)
Population
200
Speed
Normal
Resources
Standard
Victory
Conquest
Starting age
Dark Age
Ending age
Imperial Age
RankedLock teamsTeams togetherTeam positionsShared explorationLock speedFull tech treeHidden civsTurbo modeCheats
Victory
Defeat
1461
+13
🇹🇼 Saxons · Taiwan
1450
+14
🇦🇺 Byzantines · Australia
1446
+14
🇹🇼 Khmer · Taiwan
1422
+15
🇹🇼 Varangians · Taiwan
1652
-24
🇹🇼 Saxons · Taiwan
1399
-14
🇳🇿 Celts · New Zealand
1295
-10
🇨🇿 Bohemians · Czechia
1234
-8
[LO] King Poshcock
1:28 Loom
11:07 Feudal Age
15:14 Castle Age
13:20 Double-Bit Axe
13:17 Horse Collar
16:55 Bow Saw
22:49 Fishing Lines
23:42 Loom
23:54 Gold Mining
23:55 Stone Mining
24:14 Gillnets
25:40 Wheelbarrow
26:37 Gold Shaft Mining
26:58 Hand Cart
29:40 Imperial Age
28:04 Scale Mail Armor
28:28 Forging
29:40 Ballistics
31:28 Chemistry
30:16 Elite Skirmisher
30:52 Fletching
31:03 Padded Archer Armor
31:39 Iron Casting
31:56 Bodkin Arrow
32:09 Elite Varangian Guard
32:50 Squires
32:36 Gambesons
33:08 Chain Mail Armor
33:29 Iron Casting
34:03 Two-Man Saw
36:09 Plate Mail Armor
37:55 Caravan
cccccccccc
11:15 Feudal Age
15:15 Castle Age
13:37 Double-Bit Axe
13:34 Horse Collar
16:40 Bow Saw
16:14 Horse Collar
17:43 Heavy Plow
24:26 Wheelbarrow
25:36 Hand Cart
29:01 Imperial Age
27:58 Scale Barding Armor
28:04 Forging
28:51 Bloodlines
28:41 Husbandry
29:03 Chain Barding Armor
30:34 Iron Casting
30:53 Crop Rotation
31:46 Plate Barding Armor
31:03 Elite Battle Elephant
33:54 Blast Furnace
32:59 Tusk Swords
33:20 Conscription
阿姆斯特朗旋風噴射騎鯊聖熊
10:37 Feudal Age
14:41 Castle Age
13:54 Double-Bit Axe
14:01 Gold Mining
14:47 Fletching
17:01 Fishing Lines
17:39 Bow Saw
20:29 Bodkin Arrow
24:29 Horse Collar
25:57 Ballistics
31:38 Imperial Age
30:35 Wheelbarrow
30:09 Padded Archer Armor
30:28 Loom
30:53 Stone Mining
31:39 Gold Shaft Mining
31:40 Hand Cart
32:28 Bracer
33:44 Chemistry
33:56 Conscription
34:37 Red Cliffs Tactics
36:04 Leather Archer Armor
35:16 Elite Fire Archer
38:18 Two-Man Saw
誰都打不過
0:39 Loom
13:27 Feudal Age
17:01 Castle Age
15:01 Double-Bit Axe
16:02 Horse Collar
18:04 Bow Saw
22:49 Wheelbarrow
22:56 Fishing Lines
26:06 Gillnets
26:47 Gold Mining
28:08 Hand Cart
33:10 Imperial Age
31:22 Gold Shaft Mining
30:51 Heavy Plow
31:30 Scale Mail Armor
31:40 Forging
31:58 Treadmill Crane
32:49 Chain Mail Armor
32:54 Squires
32:39 Gambesons
33:14 Stone Mining
33:15 Elite Varangian Guard
34:26 Plate Mail Armor
33:30 Capped Ram
34:42 Siege Ram
37:41 Coinage
38:39 Iron Casting
orangepocalypse
0:28 Loom
12:08 Feudal Age
17:29 Castle Age
15:30 Double-Bit Axe
15:27 Horse Collar
19:16 Bow Saw
20:28 Wheelbarrow
19:43 Town Watch
28:21 Imperial Age
27:08 Fletching
27:44 Bodkin Arrow
29:13 Hand Cart
29:03 Heavy Plow
31:15 Chemistry
30:52 Conscription
31:58 Wagenburg Tactics
34:07 Ballistics
33:58 Masonry
35:45 Bracer
37:44 Houfnice
好奇小牛
9:39 Loom
11:35 Feudal Age
15:19 Castle Age
13:07 Double-Bit Axe
13:31 Fishing Lines
16:41 Bow Saw
17:46 Wheelbarrow
19:55 Stone Mining
21:11 Gillnets
25:01 Horse Collar
28:48 Imperial Age
26:43 Husbandry
27:09 Gold Mining
27:59 Hand Cart
27:54 Scale Mail Armor
28:00 Scale Barding Armor
28:59 Forging
29:09 Chain Barding Armor
29:04 Bloodlines
29:59 Stone Shaft Mining
29:12 Town Watch
29:17 Elite Jarl
30:17 Conscription
31:05 Plate Barding Armor
31:06 Iron Casting
31:00 Heavy Plow
32:46 Blast Furnace
32:13 Gothikon
34:14 Siege Engineers
35:12 Chemistry
36:25 Pikeman
37:05 Squires
36:51 Arson
ALmotema
11:04 Feudal Age
11:15 Loom
12:04 Double-Bit Axe
13:21 Gold Mining
16:31 Castle Age
16:56 Fishing Lines
18:43 Wheelbarrow
19:40 Scale Mail Armor
19:39 Gillnets
20:03 Forging
20:40 Squires
20:57 Chain Mail Armor
22:21 Iron Casting
22:46 Horse Collar
24:18 Gold Shaft Mining
24:41 Bow Saw
24:36 Heavy Plow
24:39 Fletching
24:49 Padded Archer Armor
25:48 Bodkin Arrow
27:35 Thumb Ring
29:27 Bloodlines
29:38 Stone Mining
30:21 Ballistics
31:34 Leather Archer Armor
31:26 Scale Barding Armor
32:04 Husbandry
33:09 Hand Cart
36:58 Imperial Age
34:51 Gambesons
34:38 Pikeman
36:59 Arson
37:03 Halberdier
38:15 Plate Mail Armor
37:19 Elite Varangian Guard
37:22 Shield Wall
mr. bourne.
0:46 Loom
15:57 Feudal Age
16:45 Fishing Lines
17:59 Double-Bit Axe
21:43 Castle Age
22:40 Bow Saw
22:27 Gillnets
24:00 Gold Mining
24:16 Horse Collar
32:42 Wheelbarrow
35:22 Imperial Age
33:59 Gold Shaft Mining
34:33 Hand Cart
35:15 Heavy Plow
35:25 Capped Ram
36:22 Siege Engineers
36:42 Furor Celtica
36:59 Conscription
36:34 Man-at-Arms
36:59 Gambesons
37:45 Long Swordsman
38:45 Scale Mail Armor
38:55 Forging
Connection lost

Rejoining the realm…

Still unreachable

The connection could not be restored.

Session expired

The server has moved on; the page needs a fresh start.